 Dungeon Crawl Stone Soup version 0.26.0-90-g5fd8617961 (webtiles) character file.

Game seed: 8155911393825303645

18 kreisler the Sneak (level 2, 0/19 HPs)
             Began as an Octopode Brigand on Feb 2, 2021.
             Slain by a rat (2 damage)
             ... on level 1 of the Dungeon.
             The game lasted 00:02:18 (333 turns).

kreisler the Sneak (Octopode Brigand)                Turns: 333, Time: 00:02:20

Health: 0/19       AC:  1    Str: 10    XL:     2   Next: 66%
Magic:  2/2        EV: 13    Int: 13    God:
Gold:   36         SH:  0    Dex: 13    Spells: 1/1 levels left

rFire    . . .     SeeInvis .   a - +2 dagger
rCold    . . .     Faith    .   (no shield)
rNeg     . . .     Spirit   .   (helmet restricted)
rPois    .         Reflect  .   (no amulet)
rElec    .         Harm     .   (no ring)
rCorr    .         Rampage  .   (no ring)
Will     .....                  (no ring)
Stlth    ++++......             (no ring)
HPRegen  0.06/turn              (no ring)
MPRegen  0.08/turn              (no ring)
                                (no ring)
                                (no ring)

@: no status effects
A: almost no armour, stealthy swim, amphibious, 8 rings, constrict 8, camouflage
1, gelatinous body 1
a: no special abilities


You were on level 1 of the Dungeon.
You visited 1 branch of the dungeon, and saw 1 of its levels.

You collected 36 gold pieces.

Inventory:

Hand Weapons
 a - a +2 dagger (weapon)
Missiles
 b - 8 poisoned darts (quivered)
 c - 2 curare-tipped darts
 e - 3 atropa-tipped darts
Scrolls
 d - a scroll of identify {unknown}
 f - a scroll of blinking {unknown}
 g - a scroll of fog {unknown}


   Skills:
 + Level 2.1 Fighting
 + Level 2.0 Short Blades
 + Level 2.0 Throwing
 + Level 1.0 Dodging
 + Level 6.3 Stealth


You had one spell level left.
You didn't know any spells.
Your spell library was empty.

Dungeon Overview and Level Annotations

Branches:
Dungeon (1/15)

Altars:


Innate Abilities, Weirdness & Mutations

You cannot wear most types of armour.
You are very stealthy in the water. (Stealth+)
You are amphibious.
You can wear up to eight rings at the same time.
You can use your tentacles to constrict eight enemies at once.
Your skin changes colour to match your surroundings (Stealth+).
Your rubbery body absorbs attacks. (AC +1, EV +1)


Message History

The kobold throws a stone.
The stone closely misses you.
The kobold throws a stone.
The stone hits you.
You see here a stone.
The goblin hits you with a +0 club. The kobold hits you with a +0 club.
The ball python hisses angrily.
The kobold hits you but does no damage. The goblin hits you with a +0 club!
A rat comes into view.
You closely miss the ball python. Your grab misses the ball python.
The ball python bites you. The ball python barely misses you.
The goblin closely misses you. The kobold hits you with a +0 club.
* * * LOW HITPOINT WARNING * * *
A giant cockroach comes into view.
A rat comes into view.
You hit the kobold. You grab the kobold.
The kobold is severely wounded.
You constrict the kobold.
You kill the kobold!
The ball python bites you.
* * * LOW HITPOINT WARNING * * *
The ball python barely misses you. The rat bites you.
You die...

### ########## ..#
#.........
..#############.......##
(.....#......##.........
..........(...........#
....................#
###..........!.(...#
...............gS.##
.............##.@)#
.............##..rr#
.....##.......#....#
.....######...#.....#
...... ...........#
...... ............B.
.........#. #
..........# .


You could see a giant cockroach, a goblin, a ball python and 2 rats.

Vanquished Creatures
  2 dart slugs (D:1)
  4 bats (D:1)
  A hobgoblin (D:1)
  A ball python (D:1)
  2 frilled lizards (D:1)
  5 kobolds (D:1)
  2 rats (D:1)
17 creatures vanquished.

Notes
Turn   | Place    | Note
-------+----------+-------------------------------------------
     0 | D:1      | kreisler the Octopode Brigand began the quest for the Orb.
     0 | D:1      | Reached XP level 1. HP: 14/14 MP: 1/1
    83 | D:1      | Reached XP level 2. HP: 19/19 MP: 2/2
    95 | D:1      | Reached skill level 6 in Stealth
   333 | D:1      | Slain by a rat

Illustrated notes

Levels and vault maps discovered:
D:1:      matt_arrival_grand_opening, layout_basic, minmay_heptomino_w4

Skill      XL: |  1  2 |
---------------+-------+-----
Stealth        | 6 |  6.3
Fighting       | |  2.1
Short Blades   | |  2.0
Throwing       | |  2.0
Dodging        | |  1.0

Action                   || total
-------------------------++-------
Melee: Dagger            ||    35
       Constrict         ||     9
       Tentacles         ||     3
 Stab: Sleeping          ||     6
Armor: Skin              ||     4
Dodge: Dodged            ||    25
